 Dungeon Crawl Stone Soup version 0.29.1-15-g9cfb28693d (webtiles) character file.

Game seed: 10177853289776265579

32102 Smoke131 the Arsonist (level 13, 0/113 HPs)
             Began as a Red Draconian Fire Elementalist on Mar 3, 2023.
             Was an Elder of Vehumet.
             Slain by an eight-headed hydra (8 damage)
             ... on level 4 of the Lair of Beasts.
             The game lasted 00:48:50 (19483 turns).

Smoke131 the Arsonist (DrFE)                       Turns: 19483, Time: 00:48:50

Health: 0/113      AC: 14    Str: 14    XL:     13   Next: 29%
Magic:  2/24       EV: 15    Int: 21    God:    Vehumet [****..]
Gold:   888        SH: 13    Dex: 11    Spells: 15/27 levels left

rFire   + . .      SeeInvis +   J - +8 trident of Crawling {elec, rPois Str+3}
rCold   . . .      Faith    .   t - +3 buckler {AC+3}
rNeg    . . .      Spirit   .   (body armour unavailable)
rPois   +          Reflect  +   H - +2 hat {SInv}
rElec   .          Harm     .   s - +0 cloak
rCorr   .          Rampage  .   (no gloves)
Will    +....                   (no boots)
Stlth   ++........              F - amulet of reflection
HPRegen 0.28/turn               o - ring of willpower
MPRegen 0.19/turn               n - ring of wizardry

@: no status effects
A: breathe fire, AC +8, unfitting armour, fire resistance 1, cold-blooded
a: Breathe Fire, Renounce Religion


You were on level 4 of the Lair of Beasts.
You worshipped Vehumet.
Vehumet was greatly pleased with you.
You visited 3 branches of the dungeon, and saw 16 of its levels.

You collected 888 gold pieces.

Inventory:

Hand Weapons
 d - a +4 vampiric trident
 J - the +8 trident of Crawling (weapon) {elec, rPois Str+3}
   (You found it on level 1 of the Lair of Beasts)

   It occasionally discharges a powerful burst of electricity upon striking a
   foe.
   Str:       It affects your strength (+3).
   rPois:     It protects you from poison.
Missiles
 E - a throwing net
Armour
 s - a +0 cloak (worn)
 t - a +3 buckler of protection (worn)
 H - a +2 hat of see invisible (worn)
Jewellery
 n - a ring of wizardry (right hand)
 o - a ring of willpower (left hand)
 w - a ring of protection from cold
 B - a ring of protection from fire
 D - a +4 ring of slaying
 F - an amulet of reflection (around neck)
Wands
 j - a wand of paralysis (2)
 L - a wand of digging (6)
Scrolls
 c - 7 scrolls of identify
 g - a scroll of amnesia
 k - 2 scrolls of blinking
 m - 3 scrolls of fear
 q - 9 scrolls of teleportation
 x - 3 scrolls of fog
 y - 3 scrolls of enchant weapon
 z - a scroll of vulnerability {unknown}
 C - 3 scrolls of silence
 I - a scroll of brand weapon
 M - a scroll of magic mapping
Potions
 a - 3 potions of magic
 b - 3 potions of brilliance
 e - 2 potions of lignification
 f - 5 potions of heal wounds
 h - 6 potions of mutation
 i - 5 potions of curing
 l - 3 potions of haste
 p - 4 potions of flight
 r - a potion of attraction
 u - 2 potions of might
 v - 2 potions of resistance
 A - a potion of cancellation
 G - a potion of berserk rage
 K - a potion of ambrosia {unknown}


   Skills:
 - Level 10.0 Fighting
 - Level 10.0 Dodging
 - Level 1.7 Stealth
 - Level 6.0 Shields
 + Level 7.7 Spellcasting
 + Level 11.7 Conjurations
 + Level 1.8 Translocations
 + Level 12.4 Fire Magic


You had 15 spell levels left.
You knew the following spells:

 Your Spells              Type           Power      Damage    Failure   Level
a - Foxfire               Conj/Fire      100%       2x1d9     1%          1
b - Scorch                Fire           100%       2d10      1%          2
c - Conjure Flame         Conj/Fire      56%        6-21      1%          3
d - Flame Wave            Conj/Fire      56%        2d13      1%          4
e - Blink                 Tloc           30%        N/A       3%          2

Your spell library contained the following spells:

 Spells                   Type           Power      Damage    Failure   Level
 Conjure Ball Lightning   Conj/Air       16%        3x3d6     16%         6
 Poisonous Vapours        Pois/Air       16%        N/A       1%          2
 Dazzling Flash           Conj/Hex       64%        N/A       1%          3
 Inner Flame              Hex/Fire       34%        N/A       1%          3
 Sting                    Tmut/Pois      32%        1d4       4%          1
 Gell's Gravitas          Tloc           15%        N/A       6%          3
 Lesser Beckoning         Tloc           15%        N/A       6%          3
 Teleport Other           Tloc           15%        N/A       6%          3
 Olgreb's Toxic Radiance  Pois           8%         N/A       12%         4
 Cause Fear               Hex            4%         N/A       38%         4
 Corpse Rot               Necr/Pois/Air  8%         N/A       38%         4
 Petrify                  Tmut/Erth      8%         N/A       38%         4
 Manifold Assault         Tloc           15%        N/A       45%         5
 Metabolic Englaciation   Hex/Ice        4%         N/A       71%         5
 Dispersal                Tloc           7%         N/A       95%         6
 Statue Form              Tmut/Erth      5%         N/A       99%         6
 Disjunction              Tloc           7%         N/A       100%        8


Dungeon Overview and Level Annotations

Branches:
Dungeon (11/15)            Temple (1/1) D:4            Lair (4/5) D:11
  Swamp (0/4) Lair:2        Snake (0/4) Lair:3          Orc (0/2) D:9
  Slime: Lair:4-5

Altars:
Ashenzari
Cheibriados
Dithmenos
Elyvilon
Fedhas
Gozag
Hepliaklqana
Kikubaaqudgha
Makhleb
Nemelex Xobeh
Okawaru
Qazlal
Ru
Sif Muna
Trog
Uskayaw
Vehumet
Wu Jian
Xom
Yredelemnul
Zin
The Shining One

Shops:
D:3 (   D:10 *   D:11 *

Annotations:
D:1 1 transporter


Innate Abilities, Weirdness & Mutations

You can breathe blasts of fire.
Your fiery red scales are hard. (AC +8)
You cannot fit into any form of body armour.
Your flesh is heat resistant. (rF+)
You are cold-blooded and may be slowed by cold attacks.


Message History

The eight-headed hydra bites you but does no damage.
You block the eight-headed hydra's attack.
The eight-headed hydra bites you but does no damage.
The eight-headed hydra bites you.
You block the eight-headed hydra's attack.
Casting: Scorch (safe; 1% risk of failure)
Confirm with . or Enter, or press ? or * to list all spells.
Flames lash the eight-headed hydra.
The eight-headed hydra is burned terribly!
The eight-headed hydra is heavily wounded.
The eight-headed hydra bites you.
You block the eight-headed hydra's attack. x2
The eight-headed hydra bites you!
The eight-headed hydra barely misses you.
The eight-headed hydra bites you but does no damage.
The eight-headed hydra misses you. The eight-headed hydra bites you.
Casting: Scorch (safe; 1% risk of failure)
Confirm with . or Enter, or press ? or * to list all spells.
Flames lash the eight-headed hydra.
The eight-headed hydra is burned terribly!
The eight-headed hydra is severely wounded.
You block the eight-headed hydra's attack.
The eight-headed hydra bites you. x2; The eight-headed hydra bites you!
The eight-headed hydra bites you. The eight-headed hydra misses you. x2
The eight-headed hydra bites you.
Casting: Scorch (safe; 1% risk of failure)
Confirm with . or Enter, or press ? or * to list all spells.
You don't have enough magic to cast this spell.
You hit the eight-headed hydra.
The eight-headed hydra is severely wounded.
You block the eight-headed hydra's attack.
The eight-headed hydra misses you. x2; The eight-headed hydra bites you!
* * * LOW HITPOINT WARNING * * *
The eight-headed hydra bites you!
* * * LOW HITPOINT WARNING * * *
The eight-headed hydra bites you!
* * * LOW HITPOINT WARNING * * *
You block the eight-headed hydra's attack.
The eight-headed hydra bites you!
You die...

##. #...## ......
#.P.. ......###...#
... ......~~.~..##
....
....~~~~≈~~..#...!.
....≈≈≈≈≈≈~$..)...h
P#~~≈≈~≈≈≈~~.#.....
P..~≈~..~~≈~.......
.P.≈≈~~D@~~~~......
.#.~≈≈~~.~~~.......
#.~~≈≈≈~≈≈≈~...$...
.~.~~≈≈≈≈≈≈~.......
P#P..~~~≈~.........
#P..~.~.~........
.......#...##....
##....##..P# ...


You could see an eight-headed hydra (combustible).

Vanquished Creatures
  Gastronok (D:10)
  Josephine (D:10)
  A boulder beetle (Lair:2)
  4 hydras
  A catoblepas (Lair:2)
  Erica (D:8)
  A two-headed ogre (D:8)
  An oklob plant (Lair:2)
  An ugly thing (D:11)
  5 black mambas
  Joseph (D:7)
  Maggie (D:8)
  A torpor snail (Lair:1)
  Psyche (D:8)
  8 cane toads
  5 komodo dragons
  A tyrant leech (Lair:3)
  2 polar bears
  3 trolls
  8 blink frogs (Lair:2)
  6 slime creatures
  8 dream sheep
  A shadow (D:11)
  2 wyverns
  A water elemental (D:11)
  5 wraiths
  A steam dragon (D:5)
  22 yaks
  4 vampire mosquitoes (D:11)
  A basilisk (Lair:2)
  3 swamp worms (Lair:3)
  A warg (D:9)
  An acid dragon (D:11)
  13 water moccasins
  4 orc warriors
  3 ice beasts
  2 black bears
  4 ogres
  23 wolves
  3 centaurs
  2 phantoms (D:5)
  A kobold brigand (D:7)
  6 bullfrogs
  2 gnoll sergeants
  6 scorpions
  A necrophage (D:4)
  5 wights
  4 killer bees (D:7)
  An electric eel (Lair:2)
  2 howler monkeys (D:8)
  A jelly (D:5)
  3 hounds
  11 orc priests
  2 gnoll boudas
  7 iguanas
  10 orc wizards
  17 gnolls
  7 adders
  A white imp (D:6)
  2 ufetubi (D:5)
  7 worms
  3 dart slugs
  24 orcs
  6 endoplasms
  2 giant cockroaches
  4 goblins
  7 hobgoblins
  2 quokkas
  7 ball pythons
  5 bats
  6 frilled lizards
  14 kobolds
  3 rats
337 creatures vanquished.

Vanquished Creatures (collateral kills)
  7 foxfires
7 creatures vanquished.

Vanquished Creatures (others)
  367 foxfires
  25 fungi
  50 plants
442 creatures vanquished.

Grand Total: 786 creatures vanquished

Notes
Turn   | Place    | Note
-------+----------+-------------------------------------------
     0 | D:1      | Smoke131 the Draconian Fire Elementalist began the quest
                  | for the Orb.
     0 | D:1      | Reached XP level 1. HP: 14/14 MP: 3/3
   477 | D:1      | Reached XP level 2. HP: 20/22 MP: 0/5
   486 | D:1      | Learned a level 2 spell: Scorch
   678 | D:1      | Found a faded altar of an unknown god.
  1134 | D:2      | Reached skill level 1 in Fighting
  1269 | D:2      | Reached XP level 3. HP: 23/28 MP: 6/6
  2223 | D:3      | Found Gitenas's Weapon Boutique.
  2405 | D:3      | Reached XP level 4. HP: 35/35 MP: 7/7
  2898 | D:3      | Reached skill level 1 in Shields
  2898 | D:3      | Reached XP level 5. HP: 41/41 MP: 3/9
  3641 | D:4      | Reached skill level 4 in Fire Magic
  3641 | D:4      | Reached XP level 6. HP: 50/50 MP: 5/10
  3818 | D:4      | Learned a level 3 spell: Conjure Flame
  4210 | D:4      | Found a staircase to the Ecumenical Temple.
  4222 | Temple   | Entered the Ecumenical Temple
  4234 | Temple   | Became a worshipper of Vehumet
  4471 | D:4      | Your scales start taking on a fiery red colour.
  4471 | D:4      | Reached skill level 5 in Fire Magic
  4471 | D:4      | Reached XP level 7. HP: 47/57 MP: 1/12
  4471 | D:4      | Gained mutation: Your flesh is heat resistant. (rF+) [Red
                  | Draconian growth]
  4854 | D:5      | Entered Level 5 of the Dungeon
  4964 | D:5      | Noticed a troll
  4976 | D:5      | Killed a troll
  5141 | D:5      | Reached XP level 8. HP: 53/66 MP: 1/14
  5300 | D:5      | Reached skill level 6 in Fire Magic
  5481 | D:5      | Reached * piety under Vehumet
  5481 | D:5      | Offered knowledge of Shock by Vehumet.
  5905 | D:5      | Reached skill level 5 in Fighting
  6304 | D:6      | Reached XP level 9. HP: 74/74 MP: 8/16
  6362 | D:6      | Learned a level 4 spell: Flame Wave
  6386 | D:6      | Reached skill level 7 in Fire Magic
  6603 | D:6      | Found a shimmering altar of Xom.
  7243 | D:6      | Reached skill level 5 in Spellcasting
  7400 | D:7      | Reached skill level 5 in Conjurations
  7642 | D:7      | Reached skill level 5 in Dodging
  7807 | D:7      | Offered knowledge of Poisonous Vapours by Vehumet.
  7809 | D:7      | Reached ** piety under Vehumet
  7918 | D:7      | Noticed Joseph
  7943 | D:7      | Killed Joseph
  7944 | D:7      | Reached skill level 5 in Shields
  8643 | D:8      | Reached skill level 8 in Fire Magic
  9023 | D:8      | Noticed Maggie
  9145 | D:8      | Killed Maggie
  9308 | D:8      | Reached XP level 10. HP: 78/83 MP: 9/17
  9512 | D:8      | Found a large runed translucent door.
  9513 | D:8      | Found a large runed translucent door.
  9584 | D:8      | Noticed Erica
  9599 | D:8      | Killed Erica
  9679 | D:8      | Noticed a two-headed ogre
  9792 | D:8      | Killed a two-headed ogre
  9793 | D:8      | Reached skill level 9 in Fire Magic
 10204 | D:8      | Noticed Psyche
 10208 | D:8      | Killed Psyche
 10537 | D:8      | Found a hide-covered altar of Uskayaw.
 10542 | D:8      | Found a hazy altar of Hepliaklqana.
 10847 | D:9      | Offered knowledge of Static Discharge by Vehumet.
 10888 | D:9      | Found a staircase to the Orcish Mines.
 11351 | D:9      | Reached *** piety under Vehumet
 11618 | D:10     | Entered Level 10 of the Dungeon
 11812 | D:10     | Noticed Josephine
 11823 | D:10     | Killed Josephine
 11895 | D:10     | Reached skill level 10 in Fire Magic
 11895 | D:10     | Reached XP level 11. HP: 95/95 MP: 7/18
 12478 | D:10     | Offered knowledge of Fulminant Prism by Vehumet.
 12858 | D:10     | Found a shadowy altar of Dithmenos.
 12937 | D:10     | Found Zoaph's General Store.
 13025 | D:10     | Found a bloodstained altar of Trog.
 13468 | D:11     | Found Neaph's Needful Niceties.
 13468 | D:11     | Noticed Gastronok
 13468 | D:11     | Noticed a cyan ugly thing
 13495 | D:11     | Killed a cyan ugly thing
 13940 | D:10     | Killed Gastronok
 14162 | D:11     | Reached skill level 10 in Fighting
 14167 | D:11     | Reached **** piety under Vehumet
 14327 | D:11     | Found a staircase to the Lair.
 14762 | Lair:1   | Entered Level 1 of the Lair of Beasts
 14847 | Lair:1   | Offered knowledge of Lightning Bolt by Vehumet.
 14848 | Lair:1   | Reached skill level 10 in Conjurations
 14950 | Lair:1   | Reached XP level 12. HP: 106/106 MP: 14/19
 15049 | Lair:1   | Identified the +8 trident of Crawling {elec, rPois Str+3}
 15358 | Lair:1   | Reached skill level 10 in Dodging
 15750 | Lair:1   | Noticed an eight-headed hydra
 15786 | Lair:1   | Killed an eight-headed hydra
 15938 | Lair:2   | Found a staircase to the Swamp.
 16541 | Lair:2   | Noticed an eight-headed hydra
 16548 | Lair:2   | Noticed a seven-headed hydra
 16642 | Lair:2   | Killed an eight-headed hydra
 16804 | Lair:2   | Noticed a four-headed hydra
 16814 | Lair:2   | Killed a four-headed hydra
 16815 | Lair:2   | Reached skill level 11 in Fire Magic
 16948 | Lair:2   | Killed a seven-headed hydra
 16982 | Lair:2   | Found the +1 robe of Vines {NoPotionHeal Regen++++}
 17693 | Lair:3   | Noticed a boulder beetle
 17725 | Lair:2   | Reached ***** piety under Vehumet
 17792 | Lair:3   | Offered knowledge of Conjure Ball Lightning by Vehumet.
 17805 | Lair:2   | Killed a boulder beetle
 18007 | Lair:3   | Noticed a catoblepas
 18010 | Lair:3   | Reached XP level 13. HP: 113/113 MP: 15/23
 18383 | Lair:3   | Reached skill level 12 in Fire Magic
 18669 | Lair:3   | Found a staircase to the Snake Pit.
 18696 | Lair:3   | Learned a level 2 spell: Blink
 19090 | Lair:3   | Reached skill level 1 in Translocations
 19183 | Lair:3   | Got Xogrimm's Precepts of Poison and Hexes
 19483 | Lair:4   | Slain by an eight-headed hydra

Illustrated notes

Levels and vault maps discovered:
D:1:      spicycebolla_arrival_risky_transporter, layout_basic,
          ebering_ecumenical_altar_webs, minmay_misc_feat_roman,
          minmay_liquid_box, dreamdust_mushroom_princess, serial_bayou_lagoon_a
D:2:      layout_basic
D:3:      layout_basic, serial_shops, shop
D:4:      layout_loops_ring, temple_green, serial_aquarium,
          aquarium_bridge_straight [aquarium_subvault_bridge,
          aquarium_subvault_wall, aquarium_subvault_bridge,
          aquarium_subvault_balcony], aquarium_bridge_square
          [aquarium_subvault_window, aquarium_subvault_wall,
          aquarium_subvault_bridge, aquarium_subvault_bridge],
          aquarium_window_2, aquarium_window_fake, aquarium_window_fake,
          aquarium_view_2b
D:5:      cheibrodos_barr_body, layout_loops_ring
D:6:      layout_basic, mainiacjoe_overflow_alcove_4
D:7:      layout_cave_pools, hangedman_glass_teeth, uniq_joseph
D:8:      layout_layer_cave, jmf_multi_god_temple2, kennysheep_boxes,
          uniq_psyche, uniq_maggie, uniq_erica
D:9:      layout_rooms, david_orc_1_choice
D:10:     layout_loops_ring, lemuel_round_altar, lemuel_coloured_pillars_altar,
          serial_shops, nicolae_shop_stone, uniq_josephine
D:11:     layout_gridville, david_lair_shrubbed, nicolae_alphabet_shops,
          kennysheep_potato, uniq_gastronok
Temple:   sentei_temple_godly_chess
Lair:1:   layout_cave_pods
Lair:2:   layout_regular_city, swamp_mist_pool, hellmonk_guarded_unrand_vines
Lair:3:   layout_loops_ring, minmay_snake_entry_six_corridors, worms_lemuel
Lair:4:   layout_gridlike, chequers_serial_rivers_micro_a,
          infiniplex_staircase_pool_2, grunt_megastairs_2, lemuel_fruit_tree

Skill      XL: |  1  2  3  4  5  6  7  8  9 10 11 12 13 |
---------------+----------------------------------------+-----
Dodging        | 2 3 4 5 7 9 10 | 10.0
Fighting       | 1 2 3 5 6 8 10 | 10.0
Conjurations   | 2 3 4 6 7 10 11 | 11.7
Shields        | 1 2 3 4 5 6 |  6.0
Spellcasting   | 3 4 5 7 |  7.7
Fire Magic     | 4 5 6 8 10 11 12 | 12.4
Translocations | 1 |  1.8
Stealth        | |  1.7

Action                   |  1- 3 |  4- 6 |  7- 9 | 10-12 | 13-15 || total
-------------------------+-------+-------+-------+-------+-------++-------
Melee: Mace              |    55 |    78 |    61 |       |       ||   194
       Tailslap          |     8 |     5 |    17 |    29 |       ||    59
       Spear             |       |       |    48 |       |       ||    48
       Trident           |       |       |       |   204 |     7 ||   211
       Scimitar          |       |       |       |     2 |       ||     2
 Cast: Foxfire           |    65 |    12 |    51 |    74 |    12 ||   214
       Scorch            |       |    36 |   114 |   275 |    80 ||   505
       Conjure Flame     |       |     1 |       |    12 |       ||    13
       Flame Wave        |       |       |     1 |    16 |     3 ||    20
 Abil: Breathe Fire      |       |       |     8 |    12 |     1 ||    21
Evoke: Wand              |       |       |     1 |     3 |       ||     4
  Use: Scroll            |       |    15 |     3 |     9 |       ||    27
       Potion            |       |       |     1 |     1 |       ||     2
 Stab: Sleeping          |     1 |     4 |       |       |       ||     5
Armor: Skin              |    17 |    59 |    64 |    64 |    23 ||   227
Dodge: Dodged            |    41 |    61 |   101 |   168 |    32 ||   403
Block: Buckler           |       |    39 |    87 |   239 |    46 ||   411
       Reflection        |       |       |       |     2 |       ||     2
